 Dungeon Crawl Stone Soup version 0.30-b1-2-g02819fbbbe (webtiles) character file.

Game seed: 11606778661906497929

8 Alarkh the Charlatan (level 2, 22/22 HPs)
             Began as a Demonspawn Artificer on Nov 24, 2023.
             Got out of the dungeon alive.
             The game lasted 00:00:18 (187 turns).

Alarkh the Charlatan (Demonspawn Artificer)          Turns: 187, Time: 00:00:18

Health: 22/22      AC:  3    Str: 12    XL:     2   Next: 0%
Magic:  2/2        EV: 11    Int: 12    God:
Gold:   32         SH:  0    Dex: 13    Spells: 1/1 levels left

rFire   . . .        a - +0 club
rCold   . . .        (no shield)
rNeg    . . .        b - +0 leather armour
rPois   .            (no helmet)
rElec   .            (no cloak)
rCorr   .            (no gloves)
SInv    .            (no boots)
Will    .....        (no amulet)
Stlth   +            (no ring)
HPRegen 0.23/turn    (no ring)
MPRegen 0.08/turn

%: no passive effects
@: no status effects
A: ignite blood 1
a: no special abilities


You escaped.
You visited 1 branch of the dungeon, and saw 1 of its levels.

You collected 32 gold pieces.

Inventory:

Hand Weapons
 a - a +0 club (weapon)
Missiles
 g - 2 throwing nets
Armour
 b - a +0 leather armour (worn)
Jewellery
 h - an amulet of faith
Wands
 c - a wand of flame (15) (quivered)
 d - a wand of charming (15)
 e - a wand of iceblast (5)
Scrolls
 f - a scroll of noise {unknown}
 i - a scroll of identify {unknown}


   Skills:
 + Level 2.1 Fighting
 - Level 1.7 Armour
 - Level 0.8 Dodging
 - Level 0.8 Stealth
 - Level 3.0 Evocations


You had one spell level left.
You didn't know any spells.
Your spell library was empty.

Dungeon Overview and Level Annotations

Branches:
Dungeon (1/15)

Altars:


Innate Abilities, Weirdness & Mutations

Your demonic aura sometimes causes spilled blood to erupt in flames.


Message History

You hit the dart slug.
You kill the dart slug!
Your Fighting skill increases to level 2!
You see here a dart slug corpse.
h - an amulet of faith
Found a sling.
You now have 28 gold pieces (gained 12).
You now have 32 gold pieces (gained 4).
You open the door.
A rat comes into view.
Found a scroll labelled GUOMUC IRAPI.
A rat is nearby!
A rat is nearby!
Found 6 stones.
There is an open door here.
A rat comes into view.
The rat misses you.
You hit the rat.
You kill the rat!
The rat bites you but does no damage.
You hit the rat but do no damage. The rat bites you but does no damage.
You completely miss the rat. The rat bites you but does no damage.
You closely miss the rat. The rat barely misses you. The rat misses you.
You hit the rat but do no damage. The rat misses you.
You closely miss the rat. The rat completely misses you.
You barely miss the rat. The rat misses you.
You barely miss the rat.
The rat bites you but does no damage. x2
A rat is nearby!
You closely miss the rat. The rat bites you but does no damage.
You hit the rat.
You kill the rat!
You have reached level 2!
Your demonic ancestry asserts itself...
Your blood heats up.
i - a scroll labelled GUOMUC IRAPI You see here a rat corpse.
You see here 6 stones.
There is a staircase leading out of the dungeon here.
Are you sure you want to leave the Dungeon?
This will make you lose the game!
You have escaped!

#........#.#
##.##.†.....###
#..#...##.....#
#........(....#
#...#.....##..#
#..######.##..#
##..8.....8...# #
#..#.....#...# .#
#..#..@..#...# ####.#
#..#.....#...# .....#
##..8.....8...# .....#
#..##.######..# .....#
#...#.....#...# †....#
#........[....# .....#
#....##....#..# .....#
####.#..##.#.##
.(...########...###...#


There were no monsters in sight!

Vanquished Creatures
  A dart slug (D:1)
  An endoplasm (D:1)
  A quokka (D:1)
  A frilled lizard (D:1)
  A kobold (D:1)
  2 rats (D:1)
7 creatures vanquished.

Notes
Turn   | Place    | Note
-------+----------+-------------------------------------------
     0 | D:1      | Alarkh the Demonspawn Artificer began the quest for the
                  | Orb.
     0 | D:1      | Reached XP level 1. HP: 15/15 MP: 1/1
   158 | D:1      | Gained mutation: Your demonic aura sometimes causes spilled
                  | blood to erupt in flames. [demonic ancestry]
   158 | D:1      | Reached XP level 2. HP: 22/22 MP: 2/2
   187 | D:$      | Got out of the dungeon alive.

Illustrated notes

Levels and vault maps discovered:
D:1:      scummos_arrival_simple_crosswalls, layout_basic

Skill      XL: |  1 |
---------------+----+-----
Fighting       | 2 |  2.1
Armour         | |  1.7
Dodging        | |  0.8
Stealth        | |  0.8
Evocations     | |  3.0

Action                     || total
---------------------------++-------
  Melee: Club              ||    26
 Armour: Leather armour    ||     8
  Dodge: Dodged            ||    13
